 Dungeon Crawl Stone Soup version 0.30.0-3-ga4e48a9924 (webtiles) character file.

Game seed: 15147810046972057579

93 Jase the Cudgeller (level 4, -1/33 (38) HPs)
             Began as a Gnoll Reaver on May 7, 2023.
             Killed from afar by a white imp (4 damage)
             ... with a puff of frost
             ... on level 3 of the Dungeon.
             The game lasted 00:05:34 (2348 turns).

Jase the Cudgeller (Gnoll Reaver)                   Turns: 2348, Time: 00:05:34

HP:   -1/33 (38)    AC:  5    Str: 11    XL:     4   Next: 61%
MP:   10/11         EV: 13    Int: 15    God:
Gold: 133           SH:  0    Dex: 10    Spells: 12/13 levels left

rFire   . . .        a - +2 dagger (freeze)
rCold   . . .        (no shield)
rNeg    . . .        l - +0 steam dragon scales
rPois   .            (no helmet)
rElec   .            (no cloak)
rCorr   .            (no gloves)
SInv    .            (no boots)
Will    .....        (no amulet)
Stlth   +            (no ring)
HPRegen 0.25/turn    (no ring)
MPRegen 0.12/turn

%: no passive effects
@: heavily drained
A: fangs 1, strong nose, distributed training
a: no special abilities


You were on level 3 of the Dungeon.
You visited 1 branch of the dungeon, and saw 3 of its levels.

You collected 133 gold pieces.

Inventory:

Hand Weapons
 a - a +2 dagger of freezing (weapon)
Armour
 l - +0 steam dragon scales (worn)
Magical Staves
 j - a staff of earth
Wands
 d - a wand of roots (10)
Scrolls
 b - a scroll of silence {unknown}
 e - 4 scrolls of identify {unknown}
 f - 2 scrolls of teleportation {unknown}
 g - 3 scrolls of enchant weapon {unknown}
 i - a scroll of enchant armour {unknown}
 k - a scroll of vulnerability {unknown}
Potions
 c - 2 potions of curing {unknown}
 h - a potion of resistance {unknown}
 m - a potion of ambrosia {unknown}


   Skills:
 + Level 4.7 Fighting
 + Level 1.2 Short Blades
 + Level 1.2 Long Blades
 + Level 1.2 Axes
 + Level 6.6 Maces & Flails
 + Level 1.2 Polearms
 + Level 1.2 Staves
 + Level 1.2 Ranged Weapons
 + Level 1.2 Throwing
 + Level 1.2 Armour
 + Level 4.7 Dodging
 + Level 1.2 Stealth
 + Level 1.2 Shields
 + Level 1.2 Unarmed Combat
 + Level 5.1 Spellcasting
 + Level 5.5 Conjurations
 + Level 1.0 Hexes
 + Level 1.0 Summonings
 + Level 1.0 Necromancy
 + Level 1.0 Translocations
 + Level 1.0 Transmutations
 + Level 1.0 Fire Magic
 + Level 1.0 Ice Magic
 + Level 1.0 Air Magic
 + Level 1.0 Earth Magic
 + Level 1.0 Poison Magic
 + Level 1.3 Invocations
 + Level 1.2 Evocations


You had 12 spell levels left.
You knew the following spells:

 Your Spells              Type           Power      Damage    Failure   Level
a - Kiss of Death         Conj/Necr      52%        2d9       4%          1

Your spell library contained the following spells:

 Spells                   Type           Power      Damage    Failure   Level
 Momentum Strike          Conj/Tloc      26%        3d8       6%          2
 Hailstorm                Conj/Ice       13%        3d5       13%         3


Dungeon Overview and Level Annotations

Branches:
Dungeon (3/15)

Altars:


Innate Abilities, Weirdness & Mutations

You have very sharp teeth.
Your uncanny sense of smell can sniff out nearby items.
Your experience applies equally to all skills.


Message History

You are frozen.
The white imp hits you but does no damage.
You hit the white imp. Your bite misses the white imp.
The white imp is lightly wounded.
The endoplasm barely misses you. The white imp closely misses you.
You hit the white imp.
The white imp is heavily wounded.
The endoplasm hits you.
* * * LOW HITPOINT WARNING * * *
The white imp gestures at you. The puff of frost misses you.
You hit the white imp but do no damage.
You bite the white imp, but do no damage.
The white imp is heavily wounded.
The endoplasm misses you. The white imp hits you.
* * * LOW HITPOINT WARNING * * *
The white imp freezes you.
* * * LOW HITPOINT WARNING * * *
Casting: Kiss of Death (safe; 4% risk of failure)
Confirm with . or Enter, or press ? or * to list all spells.
Aiming: Kiss of Death (safe; 4% risk of failure)
Press: ? - help, Shift-Dir - straight line, f - endoplasm
Aim: an endoplasm (100% to hit)
The negative energy hits the endoplasm!
The endoplasm is drained!
You kill the endoplasm!
You feel drained. The white imp gestures at you. The puff of frost hits you.
* * * LOW HITPOINT WARNING * * *
Casting: Kiss of Death (safe; 4% risk of failure)
Confirm with . or Enter, or press ? or * to list all spells.
You can't see any susceptible monsters within range! (Use Z to cast anyway.)
You hit the white imp.
The white imp is heavily wounded.
The white imp misses you.
You hit the white imp.
The white imp is severely wounded.
The white imp gestures at you. The puff of frost hits you.
You die...

..........# #..#
..........#######.##
..............###..#####
..........#....†.......#
..........##..........##
...>(.....##.........##
......... #.........#
........# ###...#.###
........# #...@..#
........# #...5#.#
........# #..#...#
##.....## ...###..#
.†........>... $.#
.............. .##
...(......... ..
............ ?.
..........


You could see a white imp.

Vanquished Creatures
  2 adders
  3 worms
  3 dart slugs
  5 orcs (D:3)
  6 endoplasms
  2 giant cockroaches (D:1)
  2 goblins
  2 hobgoblins
  4 jackals
  4 kobolds
  A quokka (D:2)
  4 ball pythons
  8 bats
  4 frilled lizards
  5 rats
55 creatures vanquished.

Notes
Turn   | Place    | Note
-------+----------+-------------------------------------------
     0 | D:1      | Jase the Gnoll Reaver began the quest for the Orb.
     0 | D:1      | Reached XP level 1. HP: 20/20 MP: 6/6
   116 | D:1      | Reached XP level 2. HP: 26/26 MP: 7/7
   655 | D:1      | Reached skill level 5 in Spellcasting
   655 | D:1      | Reached XP level 3. HP: 27/31 MP: 7/9
   918 | D:1      | You fall into a shaft and drop 1 floor!
  1277 | D:2      | Reached skill level 1 in Invocations
  1435 | D:2      | Reached skill level 1 in Short Blades
  1435 | D:2      | Reached skill level 1 in Long Blades
  1435 | D:2      | Reached skill level 1 in Axes
  1435 | D:2      | Reached skill level 1 in Polearms
  1435 | D:2      | Reached skill level 1 in Staves
  1435 | D:2      | Reached skill level 1 in Ranged Weapons
  1435 | D:2      | Reached skill level 1 in Throwing
  1435 | D:2      | Reached skill level 1 in Armour
  1435 | D:2      | Reached skill level 1 in Stealth
  1435 | D:2      | Reached skill level 1 in Shields
  1435 | D:2      | Reached skill level 1 in Unarmed Combat
  1435 | D:2      | Reached skill level 1 in Evocations
  1722 | D:2      | Reached XP level 4. HP: 34/38 MP: 11/11
  2194 | D:3      | Reached skill level 1 in Hexes
  2194 | D:3      | Reached skill level 1 in Summonings
  2194 | D:3      | Reached skill level 1 in Necromancy
  2194 | D:3      | Reached skill level 1 in Translocations
  2194 | D:3      | Reached skill level 1 in Transmutations
  2194 | D:3      | Reached skill level 1 in Fire Magic
  2194 | D:3      | Reached skill level 1 in Ice Magic
  2194 | D:3      | Reached skill level 1 in Air Magic
  2194 | D:3      | Reached skill level 1 in Earth Magic
  2194 | D:3      | Reached skill level 1 in Poison Magic
  2348 | D:3      | Killed from afar by a white imp

Illustrated notes

Levels and vault maps discovered:
D:1:      shiori_shiawase, layout_basic, kennysheep_nondescript,
          minmay_indecisive_spiral
D:2:      layout_loops_ring
D:3:      layout_rooms

Skill      XL: |  1  2  3  4 |
---------------+-------------+-----
Spellcasting   | 5 |  5.1
Invocations    | 1 |  1.3
Short Blades   | 1 |  1.2
Long Blades    | 1 |  1.2
Axes           | 1 |  1.2
Polearms       | 1 |  1.2
Staves         | 1 |  1.2
Ranged Weapons | 1 |  1.2
Throwing       | 1 |  1.2
Armour         | 1 |  1.2
Stealth        | 1 |  1.2
Shields        | 1 |  1.2
Unarmed Combat | 1 |  1.2
Evocations     | 1 |  1.2
Hexes          | 1 |  1.0
Summonings     | 1 |  1.0
Necromancy     | 1 |  1.0
Translocations | 1 |  1.0
Transmutations | 1 |  1.0
Fire Magic     | 1 |  1.0
Ice Magic      | 1 |  1.0
Air Magic      | 1 |  1.0
Earth Magic    | 1 |  1.0
Poison Magic   | 1 |  1.0
Fighting       | |  4.7
Maces & Flails | |  6.6
Dodging        | |  4.7
Conjurations   | |  5.5

Action                     |  1- 3 |  4- 6 || total
---------------------------+-------+-------++-------
  Melee: Mace              |    33 |       ||    33
         Bite              |    10 |     6 ||    16
         Punch             |     1 |       ||     1
         Dagger            |   111 |    57 ||   168
   Cast: Kiss of Death     |       |     1 ||     1
   Stab: Distracted        |     1 |       ||     1
         Sleeping          |     2 |     1 ||     3
 Armour: Leather armour    |    28 |       ||    28
         Steam dragon scal |       |    11 ||    11
  Dodge: Dodged            |    96 |    26 ||   122
